Cogmind - Beta 16 @@@ ROGUE MODE // 2025.10.26 @ 16:15:58 Player: celerysam Result: Destroyed by Autobeam Turret with Autobeam Performance ------------- Evolutions (0) 0 Regions Visited (2) 400 Robots Destroyed (32) 160 Value Destroyed (911) 911 Prototype IDs (12) 240 Alien Tech Used (0) 0 Bonus (0) 0 TOTAL SCORE: 1711 Bonus ------- None Cogmind --------- Core Integrity 0/250 Matter 220/300 Energy 125/125 System Corruption 0% Temperature Cool (18) Movement Treading (260) Ox1 Location -10/Subcaves Parts ------- > --- POWER (1) -------- Light Ion Engine > --- PROPULSION (2) --- Spiked Treads Spiked Treads > --- UTILITY (2) ------ High-capacity Storage Unit Makeshift Light Armor Plating > --- WEAPON (2) ------- Battle Cannon Grenade Launcher > --- INVENTORY (20) --- Light Ion Engine Makeshift Power Source Cargo Legs Subdweller Monowheel Subdweller Monowheel Subdweller Monowheel Heat Sink Small Storage Unit ECM Suite Utility Shielding Makeshift Light Armor Plating Makeshift Light Armor Plating Scrap Shield Heavy Riot Gun Battle Cannon Dirty Datajack (20) Datajack Peak State ------------ > --- POWER ------------ Light Ion Engine > --- PROPULSION ------- Light Treads Spiked Treads > --- UTILITY ---------- High-capacity Storage Unit Makeshift Light Armor Plating > --- WEAPON ----------- Heavy Riot Gun Heavy Battle Rifle > --- INVENTORY -------- Light Ion Engine Makeshift Power Source Spiked Treads Spiked Treads Cargo Legs Heat Sink Small Storage Unit ECM Suite Utility Shielding Makeshift Light Armor Plating Makeshift Light Armor Plating Scrap Shield Battle Cannon Battle Cannon Grenade Launcher Dirty Datajack Datajack [Rating: 22] Favorites ----------- Power Light Ion Engine Engine Light Ion Engine Propulsion Spiked Treads Treads Spiked Treads Leg Aluminum Leg Wheel Wheel Utility High-capacity Storage Unit Device ECM Suite Storage High-capacity Storage Unit Protection Makeshift Light Armor Plating Weapon Grenade Launcher Energy Gun Heavy Riot Gun Energy Cannon Beam Cannon Ballistic Gun Heavy Battle Rifle Ballistic Cannon Battle Cannon Launcher Grenade Launcher Special Weapon Mining Laser Build | -11 -10 -10 ------- Run | Yrd Mat Sub Slots Evolved . | . . . Power . | . . . Propulsion . | . . . Utility . | . . . Weapon . | . . . Parts Attached 31 | 6 7 18 Power 3 | 1 1 1 Engine 3 | 1 1 1 Core . | . . . Reactor . | . . . Propulsion 10 | 2 3 5 Treads 5 | . . 5 Leg 2 | 2 . . Wheel 3 | . 3 . Hover . | . . . Flight . | . . . Utility 6 | 1 2 3 Device 2 | . 1 1 Storage 2 | 1 1 . Processor . | . . . Hackware . | . . . Protection 2 | . . 2 Artifact . | . . . Weapon 12 | 2 1 9 Energy Gun 1 | . . 1 Energy Cannon 1 | . . 1 Ballistic Gun 3 | 2 . 1 Ballistic Cannon 2 | . 1 1 Launcher 3 | . . 3 Special Weapon 2 | . . 2 Impact Weapon . | . . . Slashing Weapon . | . . . Piercing Weapon . | . . . Special Melee Weapon . | . . . Unidentified Prototypes . | . . . Parts Lost 13 | . 2 11 Power 2 | . 1 1 Propulsion 5 | . 1 4 Utility . | . . . Weapon 6 | . . 6 Highest Loss Streak 4 | . 2 4 To Critical Strikes . | . . . Average Backups 16 | 4 14 16 Power 1 | . 1 1 Propulsion 2 | 3 2 2 Utility 6 | . 4 6 Weapon 4 | . 5 3 Tool/Special . | . . . Unused Backups 20 | . . 20 Power 2 | . . 2 Propulsion 4 | . . 4 Utility 6 | . . 6 Weapon 6 | . . 6 Tool/Special 2 | . . 2 Average Slot Usage (%) 98 | . 96 99 Engine 13 | . 12 13 Treads 24 | . . 26 Wheel 3 | . 27 . Device 2 | . 11 . Storage 14 | . 14 14 Protection 11 | . . 13 Energy Gun 3 | . . 3 Ballistic Gun 6 | . 14 5 Ballistic Cannon 6 | . 13 5 Launcher 8 | . . 9 Special Weapon 3 | . . 3 Peak Build Rating 22 | 6 8 22 Average Rating 16 | 3 7 17 On Entrance 4 | . 6 8 Avg Prop Armor Cover (%) . | . . . Naked Turns . | . . . Heaviest Build 55 | 11 52 55 Greatest Support 40 | 20 26 40 Greatest Overweight (x) 4 | . 4 1 Average Overweight (x) 1 | . 1 1 Largest Inventory Capacity 20 | 8 20 20 Average Capacity 19 | 6 19 20 Most Carried 20 | 6 19 20 Average Carried 17 | 4 14 18 Final Capacity 20 | 8 20 20 Final Carried 19 | 6 19 19 Class Distribution -------------------- 57% | Derelict-Mutant 42% | Mutant Dominant Class ---------------- Mutant | -10/Materials Derelict-Mutant | -10/Subcaves Resources | -11 -10 -10 ----------- Run | Yrd Mat Sub Matter Collected 1196 | 178 183 835 Remotely . | . . . Salvage Created 730 | . 202 528 Parts 62 | . 24 38 Haulers Intercepted . | . . . Recyclers Shooed . | . . . Parts Field Recycled . | . . . Retrieved Matter . | . . . Parts Self-Destructed 12 | . . 12 Prevented 2 | . . 2 Parts Restored . | . . . Kills | -11 -10 -10 ------- Run | Yrd Mat Sub Combat Hostiles Destroyed 32 | . 9 23 Guns 12 | . 5 7 Cannons 7 | . 4 3 AOE 13 | . . 13 Classes Destroyed 5 | . 2 3 Swarmer 12 | . 6 6 Grunt 4 | . 3 1 Sentry 1 | . . 1 Artisan 1 | . . 1 Subdweller 15 | . . 15 Best Kill Streak 5 | . 5 3 Combat Bots Only 5 | . 5 3 Max Kills in Single Turn 2 | . 1 2 Gunslinging . | . . . Exploded 2 | . . 2 Melee . | . . . Uniques/NPCs Destroyed . | . . . Combat | -11 -10 -10 -------- Run | Yrd Mat Sub Hostile Shots Fired 174 | . 53 121 Missed 49 | . 12 37 Hits 125 | . 41 84 Projectile 125 | . 41 84 Critical Strikes 1 | . . 1 Damage Taken 1897 | . 361 1536 Core 252 | . 71 181 Absorbed by Shields . | . . . Core Remaining (%) 100 | 100 . . Volleys Fired 151 | . 26 125 Largest 2 | . 2 2 Hottest 133 | . 50 133 Shots Fired 211 | . 52 159 Gun 78 | . 26 52 Cannon 57 | . 26 31 Launcher 35 | . . 35 Special 41 | . . 41 Kinetic 126 | . 52 74 Thermal 41 | . . 41 Explosive 35 | . . 35 Electromagnetic 9 | . . 9 Robot Hit Streak 11 | . 11 11 Robot Miss Streak 4 | . 4 4 Penetration Max . | . . . Secondary Targets . | . . . Shots Hit Robots 73 | . 26 47 Core Hits 50 | . 9 41 Critical Kills . | . . . Critical Parts Destroyed . | . . . Critical Strikes 1 | . 1 . Blast 1 | . 1 . Melee Attacks . | . . . Impact . | . . . Slashing . | . . . Piercing . | . . . Sneak Attacks . | . . . Combat Hostiles . | . . . Follow-up Attacks . | . . . Damage Inflicted 2444 | . 408 2036 Guns 621 | . 174 447 Cannons 386 | . 234 152 Explosions 1365 | . . 1365 Melee . | . . . Ramming . | . . . Kinetic 915 | . 408 507 Thermal 72 | . . 72 Explosive 1365 | . . 1365 Electromagnetic 92 | . . 92 Impact . | . . . Slashing . | . . . Piercing . | . . . Highest Corruption . | . . . Average Corruption . | . . . Corruption Purged . | . . . Corruption Blocked . | . . . Overload Shots . | . . . Overflow Damage . | . . . Projectiles . | . . . Explosions . | . . . Melee . | . . . Knockbacks 2 | . . 2 Impact . | . . . Kinetic 2 | . . 2 Secondary . | . . . Self-Inflicted Damage 28 | . . 28 Shots 3 | . . 3 Rammed . | . . . Targets Rammed . | . . . Kicked . | . . . Crushed . | . . . Highest Temperature 5 | . 2 5 Average Temperature 2 | . 2 3 Received Heat Transfer 399 | . 48 351 Siege Activations . | . . . Martial Activations . | . . . Shielding Activations . | . . . Robots Disrupted . | . . . Combat Hostiles . | . . . Robots Corrupted . | . . . Combat Hostiles . | . . . Parts Fried . | . . . Impact Corruptions . | . . . Robots Melted . | . . . Combat Hostiles . | . . . Parts Melted . | . . . Heat Transferred 150 | . . 150 Parts Sabotaged . | . . . Parts Stolen . | . . . Parts Stripped . | . . . Power Chain Reactions . | . . . Alert | -11 -10 -10 ------- Run | Yrd Mat Sub Maximum Alert Level . | . . . Low Security (%) 100 | 100 100 . Level 1 . | . . . Level 2 . | . . . Level 3 . | . . . Level 4 . | . . . Level 5 . | . . . High Security . | . . . Max Security . | . . . Peak Influence 124 | . 124 . Initial . | . . . Average 35 | . 38 . Influence Increases 435 | . 235 200 Destroy 0b10 Robot/C 340 | . 180 160 Destroy Leader 30 | . 20 10 Successful Hack 17 | . 17 . Disable Machine 15 | . 15 . Destroy Structure 3 | . 3 . Lose Combat Pursuer 30 | . . 30 Influence Decreases 405 | . 235 170 Time Decay 375 | . 215 160 Lost Part 30 | . 20 10 Squads Dispatched 2 | . 2 . Investigation . | . . . Extermination . | . . . Reinforcement 2 | . 2 . Assault . | . . . Garrison . | . . . Intercept . | . . . Searches Triggered . | . . . Construction Impeded . | . . . Haulers Reinforced . | . . . Active Scanning Responses . | . . . Cargo Convoy Interrupts . | . . . Stealth | -11 -10 -10 --------- Run | Yrd Mat Sub Distress Signals 1 | . 1 . Communications Jammed . | . . . Distress Signals . | . . . Times Spotted 51 | . 22 29 Peak Tracking Total 6 | . 6 5 Tactical Retreats 5 | . 3 2 ECM-based Alert Blocks 10 | . 4 6 Traps | -11 -10 -10 ------- Run | Yrd Mat Sub Traps Triggered 4 | . . 4 Indirectly . | . . . Trap Hack Attempts . | . . . Triggered . | . . . Disarmed . | . . . Reprogrammed . | . . . Reused . | . . . Traps Extracted . | . . . Installed . | . . . Triggered . | . . . Machines | -11 -10 -10 ---------- Run | Yrd Mat Sub Machines Disabled 2 | . 1 1 Max in Single Turn 1 | . 1 1 Machines Repaired . | . . . Machines Dismantled . | . . . Machines Sabotaged . | . . . Overloaded Fab Kills . | . . . Hacking | -11 -10 -10 --------- Run | Yrd Mat Sub Machines Accessed 6 | . 4 2 Terminals 4 | . 4 . Fabricators . | . . . Repair Stations . | . . . Recycling Units . | . . . Scanalyzers . | . . . Garrison Access . | . . . Total Hacks 14 | . 9 5 Successful 9 | . 4 5 Failed 5 | . 5 . Catastrophic 1 | . 1 . Database Lockouts . | . . . Manual 6 | . 6 . Terminals 9 | . 9 . Fabricators . | . . . Repair Stations . | . . . Recycling Units . | . . . Scanalyzers . | . . . Garrison Access . | . . . Terminal Hacks 6 | . 1 5 Record 4 | . . 4 Emergency Access Points 1 | . 1 . Proto ID Catalog 1 | . . 1 Fabricator Hacks . | . . . Repair Station Hacks . | . . . Recycling Unit Hacks . | . . . Scanalyzer . | . . . Garrison Access Hacks . | . . . Unauthorized Hacks 3 | . 3 . Terminals 3 | . 3 . Botnet 3 | . 3 . Fabricators . | . . . Repair Stations . | . . . Recycling Units . | . . . Scanalyzers . | . . . Garrison Access . | . . . Data Cores Recovered . | . . . Used . | . . . Hacking Detections 3 | . 3 . Full Trace Events 1 | . 1 . Feedback Events . | . . . Feedback Blocked . | . . . Robot Schematics Acquired . | . . . Robots Built . | . . . Authchips . | . . . Time . | . . . Total Robot Build Rating . | . . . Part Schematics Acquired . | . . . Parts Built . | . . . Authchips . | . . . Time . | . . . Total Part Build Rating . | . . . Part Studies Acquired . | . . . Parts Repaired . | . . . Time . | . . . Parts Recycled . | . . . Recycled Matter . | . . . Retrieved Matter . | . . . Retrieved Components . | . . . Parts Scanalyzed . | . . . Part Schematics Acquired . | . . . Parts Damaged . | . . . Bothacking | -11 -10 -10 ------------ Run | Yrd Mat Sub Used RIF Installer . | . . . Robots Hacked . | . . . Non-combat . | . . . Combat . | . . . Robot Hacks Applied . | . . . Relay Couplers Released . | . . . Fabnet Peak Effective % . | . . . Robots Rewired . | . . . Allies Hacked . | . . . Hacks Repelled . | . . . Allies | -11 -10 -10 -------- Run | Yrd Mat Sub Total Allies . | . . . Largest Group . | . . . Highest-Rated Group . | . . . Highest-Rated Ally . | . . . Total Orders . | . . . Ally Attacks . | . . . Total Damage . | . . . Kills . | . . . Allies Corrupted . | . . . Allies Melted . | . . . Intel | -11 -10 -10 ------- Run | Yrd Mat Sub Active Infowar (turns) 1074 | . 632 442 ECM 1074 | . 632 442 Robot Analysis Total . | . . . Derelict Logs Recovered 2 | . . 2 Drone Launches . | . . . Drone Recoveries . | . . . Exploration | -11 -10 -10 ------------- Run | Yrd Mat Sub Turns Passed 7399 | 58 765 6576 Spaces Moved 3006 | 45 417 2544 Core 15 | 15 . . Treads 2354 | . . 2354 Legs 43 | 30 13 . Wheels 594 | . 404 190 Hover . | . . . Flight . | . . . Fastest Speed 50 | 50 80 105 Average Speed 220 | 96 106 241 Slowest Speed 260 | 120 140 260 Overloaded Moves . | . . . Propulsion Burnouts . | . . . Robots Hopped . | . . . Potential Cave-ins . | . . . Cave-ins Triggered . | . . . Exploration Rate (%) 57 | 4 70 97 Regions Visited 2 Branch Regions 1 Pre-discovered Areas 2 | . . 2 Known Exits Taken . | . . . Unknown Exits Taken 2 | 1 1 . Scrap Searched 14 | . . 14 Spaces Dug 3 | . . 3 Terrain Destroyed 147 | . . 147 Melee . | . . . Projectile 5 | . . 5 AOE 142 | . . 142 Terrain Rammed . | . . . Walls Destroyed . | . . . Machines Disabled . | . . . Actions | -11 -10 -10 --------- Run | Yrd Mat Sub Total 3476 | 56 683 2737 Wait 231 | . 214 17 Move 3004 | 44 416 2544 Hop . | . . . Pick Up 44 | 6 18 20 Fast Attach 6 | 6 . . Attach 14 | . 3 11 Detach . | . . . Swap 12 | . 4 8 Drop 14 | . 2 12 Fire 151 | . 26 125 Melee . | . . . Ram . | . . . Kick . | . . . Crush . | . . . Escape Stasis . | . . . Rewire . | . . . Trap . | . . . Miscellaneous . | . . . Route ------- -11/Scrapyard -10/Materials (discovered 3 exits: [*Mat] / [*Min] / *Sub) -10/Subcaves (discovered 3 exits: *Mat x2 / *Rec) History --------- Turn | Location | Event 6 | -11/Scrapyard | Discovered new exit (range 15) 59 | -11/Scrapyard | Entered Materials 304 | -10/Materials | Build established: Mutant 390 | -10/Materials | Discovered new exit (range 5) 478 | -10/Materials | Discovered new exit (range 9) 789 | -10/Materials | Discovered new exit (range 6) 824 | -10/Materials | Entered Subcaves 825 | -10/Subcaves | Approached by a straggling Scientist 839 | -10/Subcaves | Discovered new exit (range 8) 851 | -10/Subcaves | Visited Clippyterm 854 | -10/Subcaves | Identified exit to Recycling 854 | -10/Subcaves | Learned location of Deep Caves (-7) 1075 | -10/Subcaves | Lost 3 parts (2n1w) 1323 | -10/Subcaves | Visited 4L-MR0's lab 1360 | -10/Subcaves | Found Cargo Legs 1559 | -10/Subcaves | Shifting Twisted Machinery released Flamer 1573 | -10/Subcaves | Shifting Twisted Machinery released Sub. Machine Gun 1595 | -10/Subcaves | Shifting Twisted Machinery released Scrap Shield 1804 | -10/Subcaves | Identified exit to Materials 1868 | -10/Subcaves | Shifting Twisted Machinery released Barrage Gun 2007 | -10/Subcaves | Learned location of Zion (-7) 2007 | -10/Subcaves | Met a Zionite searching for "candidates" 2752 | -10/Subcaves | Ambushed by Subdweller buried in earth 2855 | -10/Subcaves | Core integrity fell below 50% 3154 | -10/Subcaves | Build established: Derelict-Mutant 4457 | -10/Subcaves | A swath of the cavern ceiling suddenly collapsed 4686 | -10/Subcaves | Disturbed a concealed Subdweller 4740 | -10/Subcaves | Lost 4 parts (2n2w) 4932 | -10/Subcaves | Core integrity fell below 20% 5917 | -10/Subcaves | Learned Materials emergency access door positions 7400 | -10/Subcaves | Destroyed by Autobeam Turret with Autobeam Last Messages --------------- 06684_ Found Mak. Light Armor Plating. 06684_ Found Battle Rifle. 06684_ Found 55 Matter. 06685_ Acquired 55 matter. 06687_ Searching scrap... 06687_ Found Sub. Monowheel. 06687_ Found 35 Matter. 06688_ Acquired 35 matter. 06689_ Searching scrap... 06689_ Found Sub. Machine Gun. 06689_ Found Battle Rifle. 06689_ Found 70 Matter. 06690_ Acquired 70 matter. 06700_ Acquired Sub. Monowheel. 06701_ Subatomizers dissect the Mak. Light Armor Plating. 06703_ Acquired Mak. Light Armor Plating. 06973_ Triggered Piercing Trap. 06973_ Spikes shoot up from the floor. 06973_ Critical hit (Impale). Map ----- +----------------------------------------------------+ | ??#""" " " #??## ## ###?????# #??## # | | ??##" #########?## ### #???????## #??#### | | ???####????????## ### ##?????????# ##?????? | | ??????????????## ##?# ###????????##??????? | | ??????????????# ##??# ##???????????????? | | ?????????????# ######## #???????????????? | | ?????????????# ######## #### ##???????????????? | | ?????????????###?????## ## # ##???????????????? | | ????????????????????## #???????????????? | | ########????????????# ## ###??????????????? | | """"#" #????????????# ### # #??????????????? | | "X" #????????????### ## #??????????????? | | ###??????????????### # ##?????????????? | | #??????????????????## ## #?????????????? | | ######???????????????????## ## #?????????????? | | ????### #?????????????????# #?????????????? | | #### " "#?????????????????## ##?????????????? | | #??????????????###### #??????????????? | | ##?????????????????# # # #??????????????? | | # "#?????????????????# ####??????????????? | | " "###???????????????# ###?????????????????? | | " ###??####???????# ###???????????????????? | | #### #######?# #????????????####?????? | | ## ## ### #???? "#????##""##????? | | ?# ## ## "#????#""""##???? | | ## ## ### @ t""#?????# " "#???? | | ####### ## % [ >#???## ##???? | | ##????## % %%% t""##???# "#????? | | ###???# ## %[ ## "#????# ##????? | | #??## ## ##? "#????## ####?? | | #### ### #?? %"""#?????# # ### | | ## #### #??########???# # | | ### ##?######""###### ## | | ## ####??# """"""""""""* | | ### ## ## #####?# """""" "" | | ##?### ## ### ### ## # # #"" | | ##???## ## ##?## ######## ### #### | | #????# ## #???### ##??? ##?# #?# | | #????# #######??## "##?# ""#??## ##?# | | ##???# ?## ###??#### #### "#?##" #### | | #???# ## #??????# ####"###"" #?## | | #???## ## ##?###### #?####""" #?## | | ##????##### ##?# ####?#""" ##### | | #????????## ### | ###### ###""" ### | | #########?## ## ##????#" ##"" ### ## | | ##?##* ## ##?????#"" ### ##? | | # #### ###??????##""## ##"" #?? | | # ## #?????????####### " #?? | | ##???????????????#"" ##?? | | ### ##????????????????## ##?? | +----------------------------------------------------+ Best States ------------- Heat Dissipation 35 Energy Generation 10 Energy Capacity 250 Matter Stores 300 Matter Capacity 300 Sight Range 16 Terrain Scan Density 10 ECM Strength 1 Armor Coverage 100 Evasion (%) 55 Recoil Reduction 2 Item Schematics ----------------- None Robot Schematics ------------------ None Fabricated ------------ Nothing Repaired ---------- Nothing Studied --------- None Alien Tech Used ----------------- None Achievements -------------- None Challenges ------------ None Game ------ Seed AntimissileArmoredScythe Manual? 0 Play Time 00:31:47 Cumulative 273.7 hours Start 2025.10.26 @ 15:31:17 End 2025.10.26 @ 16:15:58 Sessions 1 Manual Loads 0 Difficulty Rogue Special Mode None Game No. 433 Rogue 433 Adventurer 0 Explorer 0 Win Type - Total 1 Types 1/0/0/0/0/0/0/0/0/0 Lore% 64 Gallery% 62 Achievement% 26 Wizard Run 0 Options --------- Layout 1 ASCII 0 Keyboard 0 Movement Mouse Keybinds 0 Fullscreen 2 Font 24/Smallcaps Map View 50x35 Zoom Use 0% Tactical HUD 1 Map Filters NONE Filters NONE Steam 1 RUN: ecc9f2c7-cbc0-4982-8122-32031ae3a19f